 Dungeon Crawl Stone Soup version 0.32-a0-747-gc8563f6773 (webtiles) character file.

Game seed: 10876769550365833319

214 greenreed the Slasher (level 5, 0/39 (42) HPs)
             Began as a Coglin Gladiator on Mar 17, 2024.
             Slain by Crazy Yiuf
             ... wielding a +4 quarterstaff of chaos
              (1 damage)
             ... on level 2 of the Dungeon.
             The game lasted 00:03:14 (1191 turns).

greenreed the Slasher (Coglin Gladiator)            Turns: 1191, Time: 00:03:17

HP:   0/39 (42)     AC:  9    Str: 14    XL:     5   Next: 91%
MP:   5/5           EV:  7    Int:  8    God:
Gold: 97            SH:  0    Dex: 17    Spells: 4/4 levels left

rFire   . . .        a - +0 long sword {Ramón}
rCold   . . .        o - +2 dagger (vamp) {Miranda}
rNeg    . . .        b - +0 chain mail
rPois   .            c - +0 helmet
rElec   .            (no cloak)
rCorr   .            (no gloves)
SInv    .            (no boots)
Will    .....        (amulet unavailable) Stlth
                     (ring unavailable)
HPRegen 0.26/turn    (ring unavailable)
MPRegen 0.09/turn    (no gizmo)

%: no passive effects
@: drained, revved
A: off-hand wielding, slow wielding, warmup strikes, no jewellery
a: Invent Gizmo


You were on level 2 of the Dungeon.
You visited 1 branch of the dungeon, and saw 2 of its levels.

You collected 97 gold pieces.

Inventory:

Hand Weapons
 a - a +0 long sword (weapon) {Ramón}
 o - a +2 vampiric dagger (offhand) {Miranda}
Missiles
 d - 3 throwing nets (quivered)
 e - a javelin
Armour
 b - a +0 chain mail (worn)
 c - a +0 helmet (worn)
 p - a +0 ring mail
Scrolls
 i - a scroll of fear {unknown}
 k - 2 scrolls of identify {unknown}
 l - a scroll of amnesia {unknown}
 m - a scroll of noise {unknown}
Potions
 f - a potion of degeneration {unknown}
 g - a potion of enlightenment {unknown}
 h - a potion of ambrosia {unknown}
 j - 2 potions of resistance {unknown}
 n - a potion of lignification {unknown}


   Skills:
 * Level 3.7 Fighting
 * Level 4.4 Long Blades
 - Level 1.7 Throwing
 + Level 1.7 Armour
 + Level 3.3 Dodging


You had 4 spell levels left.
You didn't know any spells.
Your spell library was empty.

Dungeon Overview and Level Annotations

Branches:
Dungeon (2/15)

Altars:

Annotations:
D:2 Crazy Yiuf


Innate Abilities, Weirdness & Mutations

You can wield a second weapon in your off-hand.
It takes a long time for you to wield or remove held weapons.
Your first few attacks do less damage.
You cannot equip rings or amulets.


Message History

Crazy Yiuf freezes you.
There is an open translucent door here.
You closely miss Crazy Yiuf with your +0 long sword.
You hit Crazy Yiuf but do no damage.
Crazy Yiuf twirls on the spot.
Crazy Yiuf hits you but does no damage.
You barely miss Crazy Yiuf with your +2 vampiric dagger.
You barely miss Crazy Yiuf with your +0 long sword.
Crazy Yiuf barely misses you.
You closely miss Crazy Yiuf with your +0 long sword.
You hit Crazy Yiuf with your +2 vampiric dagger.
Crazy Yiuf says, "Mountain!
Blight disdain stair."
Crazy Yiuf hits you with a +4 quarterstaff of chaos!
Crazy Yiuf burns you.
You hit Crazy Yiuf but do no damage.
Crazy Yiuf is lightly wounded.
You closely miss Crazy Yiuf with your +0 long sword.
Crazy Yiuf hits you with a +4 quarterstaff of chaos.
* * * LOW HITPOINT WARNING * * *
Crazy Yiuf draws strength from your wounds!
You hit Crazy Yiuf but do no damage. x2; Crazy Yiuf zaps a wand.
The puff of flame hits you.
* * * LOW HITPOINT WARNING * * *
You closely miss Crazy Yiuf with your +2 vampiric dagger.
You hit Crazy Yiuf with your +0 long sword.
Crazy Yiuf hits you with a +4 quarterstaff of chaos.
* * * LOW HITPOINT WARNING * * *
Crazy Yiuf burns you.
* * * LOW HITPOINT WARNING * * *
You hit Crazy Yiuf but do no damage.
Crazy Yiuf is lightly wounded.
You closely miss Crazy Yiuf with your +2 vampiric dagger.
Crazy Yiuf hits you but does no damage.
You feel drained.
You hit Crazy Yiuf but do no damage.
Crazy Yiuf is lightly wounded.
You completely miss Crazy Yiuf with your +0 long sword.
Crazy Yiuf hits you with a +4 quarterstaff of chaos.
* * * LOW HITPOINT WARNING * * *
You feel drained.
You die...

##...##.## ..
#..#..).# .
#.##.#..# #
######### # # #
###### #### #
##..#P## ###..)# #
##....PP####.@g..#
#
##......P.#..##..÷#
###.....#..#.###
#### #...#..#######
......## .#.####
...# ####


You could see Crazy Yiuf.

Vanquished Creatures
  Sigmund (D:2)
  Terence (D:2)
  A dart slug (D:1)
  3 bats (D:2)
  5 endoplasms
  A giant cockroach (D:1)
  4 goblins
  5 hobgoblins (D:2)
  3 quokkas
  3 ball pythons (D:1)
  A frilled lizard (D:1)
  3 kobolds
  2 rats (D:1)
33 creatures vanquished.

Notes
Turn   | Place    | Note
-------+----------+-------------------------------------------
     0 | D:1      | greenreed the Coglin Gladiator began the quest for the Orb.
     0 | D:1      | Reached XP level 1. HP: 16/16 MP: 1/1
   138 | D:1      | Reached XP level 2. HP: 22/22 MP: 2/2
   894 | D:2      | Reached XP level 3. HP: 28/28 MP: 3/3
   927 | D:2      | Noticed Sigmund
   974 | D:2      | Killed Sigmund
   975 | D:2      | Reached skill level 4 in Long Blades
   975 | D:2      | Reached skill level 1 in Armour
   975 | D:2      | Reached XP level 4. HP: 36/36 MP: 4/4
   975 | D:2      | Reached XP level 5. HP: 41/41 MP: 5/5
   989 | D:2      | Noticed Terence
   999 | D:2      | Killed Terence
  1178 | D:2      | Found a runed translucent door.
  1179 | D:2      | Noticed Crazy Yiuf
  1191 | D:2      | HP: 1/41 [Crazy Yiuf/+4 quarterstaff of chaos (5)]
  1191 | D:2      | Slain by Crazy Yiuf

Illustrated notes

Levels and vault maps discovered:
D:1:      minmay_arrival_wavy_path, layout_loops_ring, grunt_decor_resistance,
          minivault_5
D:2:      layout_rooms, shapermc_ecumenical_altar_mp_urbaneastern,
          uniq_crazy_yiuf_cottage, uniq_terence, uniq_sigmund

Skill      XL: |  1  2  3 |
---------------+----------+-----
Fighting       | 3 |  3.7
Long Blades    | 4 |  4.4
Armour         | 1 |  1.7
Dodging        | 3 |  3.3
Throwing       | |  1.7

Action                     |  1- 3 |  4- 6 || total
---------------------------+-------+-------++-------
  Melee: Long sword        |    38 |    31 ||    69
         Dagger            |    35 |    23 ||    58
   Stab: Sleeping          |     1 |       ||     1
 Armour: Leather armour    |    11 |       ||    11
         Ring mail         |     1 |     6 ||     7
         Chain mail        |       |    17 ||    17
  Dodge: Dodged            |    30 |     8 ||    38

Table legend: (Time is in decaauts)
 A = Elapsed time spent in this place.
 B = Non-inter-level travel time spent in this place.
 C = Inter-level travel time spent in this place.
 D = Time resting spent in this place.
 E = Time spent auto-exploring this place.
 F = Levels seen in this place.
 G = Mean time per level.
                   A        B        C        D        E       F      G
               +--------+--------+--------+--------+--------+-----+--------+
         Total |   1195 |   1179 |     16 |     47 |    877 |   2 |  597.5 |
       Dungeon |   1195 |   1179 |     16 |     47 |    877 |   2 |  597.5 |
               +--------+--------+--------+--------+--------+-----+--------+

Top non-repeatable levels by time:
     D:1: 900 daAuts
     D:2: 295 daAuts
